[Event "Titled Tuesday Blitz June 20 Late 2023"]
[White "Lizak, Peter"]
[Black "Le, Tuan Minh"]
[WhiteFideId "731595"]
[BlackFideId "12401153"]
[WhiteElo "2420"]
[BlackElo "2566"]
[Result "0-1"]
[Round "3"]
[TimeControl "180+2"]
[Date "2023.06.20"]
[WhiteClock "0:00:00"]
[BlackClock "0:00:06"]
[Board "10"]

1. d4 d5 2. Nc3 Nf6 3. Bf4 Bf5 4. f3 e6 5. g4 Bg6 6. h4 h6 7. e3 a6 8. Bd3 Bxd3 9. cxd3 c5 10. dxc5 Bxc5 11. d4 Bd6 12. Nge2 Nc6 13. Kf2 Rc8 14. Rc1 g6 15. Qd3 Kf8 16. Bxd6+ Qxd6 17. Nf4 Kg7 18. Nce2 Nd7 19. a3 Nb6 20. Rc2 Rc7 21. Kg2 Rhc8 22. Rhc1 Ne7 23. Rxc7 Rxc7 24. Rxc7 Qxc7 25. b3 Nbc8 26. Qc3 Qd7 27. Nd3 Nd6 28. a4 Qc6 29. Ne5 Qxc3 30. Nxc3 g5 31. hxg5 hxg5 32. Kf2 f6 33. Nd3 Kf7 34. e4 dxe4 35. fxe4 Nc6 36. Ke3 f5 37. gxf5 exf5 38. e5 f4+ 39. Kf2 Nf5 40. d5 Ncd4 41. Ne4 Kg6 42. e6 Ng7 43. e7 Kf5 44. d6 Kxe4 45. d7 Kxd3 46. d8=Q g4 47. Qf8 g3+ 48. Kg2 Ngf5 49. e8=Q f3+ 50. Kg1 f2+ 51. Kf1 Ne3+ 52. Qxe3+ Kxe3 53. Qe7+ Kf4 54. Qf6+ Ke4 55. Qg6+ Nf5 56. Kg2 Kf4 57. Qf6 Kg4 58. Qe6 a5 59. Qc4+ Kg5 60. Qd5 Kf4 61. Qc4+ Ke5 62. Qc5+ Ke4 63. Qc2+ Kf4 64. Qd2+ Ne3+ 65. Kh3 f1=Q+ 66. Kh4 Qh1+ 0-1


[Site "https://www.chess.com"]

[Event "Titled Tuesday Blitz June 20 Late 2023"]
[White "Sviridov, Valery"]
[Black "Danielyan, Vahe"]
[WhiteFideId "4120680"]
[BlackFideId "13304828"]
[WhiteElo "2457"]
[BlackElo "2423"]
[Result "1-0"]
[Round "3"]
[TimeControl "180+2"]
[Date "2023.06.20"]
[WhiteClock "0:01:12"]
[BlackClock "0:01:26"]
[Board "11"]

1. d4 e6 2. Nf3 b6 3. g3 Bb7 4. Bg2 f5 5. c4 Nf6 6. O-O Na6 7. Nc3 Bb4 8. Qb3 O-O 9. a3 Bxc3 10. Qxc3 Ne4 11. Qc2 d6 12. b4 c5 13. Ng5 Qf6 14. Nxe4 fxe4 15. Bxe4 Bxe4 16. Qxe4 cxb4 17. Be3 bxa3 18. Rxa3 Nb4 19. d5 exd5 20. cxd5 Rae8 21. Qxb4 Rf7 22. Qb5 Rfe7 23. Rfa1 Qf7 24. Rxa7 Rxa7 25. Rxa7 Qh5 26. Qd7 1-0


[Site "https://www.chess.com"]

[Event "Titled Tuesday Blitz June 20 Late 2023"]
[White "Bolourchifard, Farzad"]
[Black "Terry, Renato"]
[WhiteFideId "12510084"]
[BlackFideId "3803457"]
[WhiteElo "2317"]
[BlackElo "2575"]
[Result "0-1"]
[Round "3"]
[TimeControl "180+2"]
[Date "2023.06.20"]
[WhiteClock "0:00:05"]
[BlackClock "0:00:23"]
[Board "12"]

1. d4 d5 2. Nf3 Nf6 3. c4 dxc4 4. e3 e6 5. Bxc4 a6 6. O-O c5 7. dxc5 Bxc5 8. Qxd8+ Kxd8 9. a3 Ke7 10. b4 Bd6 11. Bb2 Nbd7 12. Nbd2 b5 13. Be2 Bb7 14. Rfd1 Rhd8 15. Nb3 Nb6 16. Bd4 Na4 17. Na5 Bd5 18. Ne5 Rac8 19. Bf3 Bxf3 20. gxf3 Bxe5 21. Bxe5 Nd5 22. Rac1 f6 23. Bd4 Ndc3 24. Bxc3 Rxc3 25. Kg2 Rxd1 26. Rxd1 e5 27. Nb7 Rxa3 28. Nd6 Nb2 29. Nc8+ Ke8 30. Nd6+ Kf8 31. Rc1 Nd3 32. Rc7 Nxb4 33. Rf7+ Kg8 34. Re7 h5 35. Nf5 g5 36. Nh6+ Kh8 37. h4 gxh4 38. Kh3 Ra1 39. Nf7+ Kg8 40. Nh6+ Kf8 41. Rf7+ Ke8 42. Rxf6 Nd3 43. Kxh4 b4 44. Kxh5 b3 45. Rb6 b2 0-1


[Site "https://www.chess.com"]

[Event "Titled Tuesday Blitz June 20 Late 2023"]
[White "Hakobyan, Aram"]
[Black "Maatman, Nick"]
[WhiteFideId "13306677"]
[BlackFideId "1040391"]
[WhiteElo "2584"]
[BlackElo "2682"]
[Result "1-0"]
[Round "3"]
[TimeControl "180+2"]
[Date "2023.06.20"]
[WhiteClock "0:01:33"]
[BlackClock "0:00:46"]
[Board "13"]

1. d4 d5 2. Nf3 Nf6 3. c4 e6 4. Nc3 Bb4 5. Qa4+ Nc6 6. a3 Bxc3+ 7. bxc3 O-O 8. Bg5 h6 9. Bh4 g5 10. Bg3 Ne4 11. Qc2 h5 12. h4 g4 13. Ng5 Nxg5 14. hxg5 Qxg5 15. e3 dxc4 16. Bxc4 e5 17. Bh4 Qh6 18. Rd1 exd4 19. cxd4 Bd7 20. Bg3 Rac8 21. Bf4 Qh8 22. Qg6+ Qg7 23. Qxh5 Rfe8 24. Bxf7+ 1-0


[Site "https://www.chess.com"]

[Event "Titled Tuesday Blitz June 20 Late 2023"]
[White "Bortnyk, Mykola"]
[Black "Timerkhanov, Alexander"]
[WhiteFideId "14120836"]
[BlackFideId "24177938"]
[WhiteElo "2592"]
[BlackElo "2278"]
[Result "1-0"]
[Round "3"]
[TimeControl "180+2"]
[Date "2023.06.20"]
[WhiteClock "0:01:11"]
[BlackClock "0:00:19"]
[Board "14"]

1. d4 d5 2. e3 Nf6 3. Bd3 g6 4. f4 Bg7 5. Nf3 O-O 6. O-O c5 7. c3 b6 8. Qe2 Bb7 9. a4 a6 10. a5 c4 11. Bc2 b5 12. Nbd2 Nc6 13. b4 cxb3 14. Nxb3 Ne4 15. Bxe4 dxe4 16. Nfd2 f5 17. Ba3 Re8 18. c4 Nxa5 19. Nc5 Bc6 20. Ne6 Qc8 21. Nxg7 Kxg7 22. d5 Bb7 23. Bb2+ Kg8 24. Rxa5 bxc4 25. Qxc4 Qxc4 26. Nxc4 Rac8 27. Rc1 Red8 28. Nb6 Rxc1+ 29. Bxc1 Rd6 30. Nc4 Rxd5 31. Rxd5 Bxd5 32. Na5 Kf7 33. Ba3 e5 34. fxe5 Ke6 35. Bd6 g5 36. g3 Kf7 37. Kf2 Ke6 38. Ke2 h5 39. h4 gxh4 40. gxh4 Kf7 41. Kf2 f4 42. exf4 Ke6 43. Ke3 Kf5 44. Kd4 Be6 45. Ke3 Bd5 46. Bb8 Kg4 47. Bc7 Kxh4 48. Kd4 Be6 49. Kxe4 Kg4 50. Bb6 h4 51. Bg1 h3 52. Nc6 Bf5+ 53. Ke3 Kg3 54. Nd4 Bg4 55. f5 Kg2 56. f6 Bh5 57. e6 Kxg1 58. f7 h2 59. f8=Q h1=Q 60. Qf2# 1-0


[Site "https://www.chess.com"]

[Event "Titled Tuesday Blitz June 20 Late 2023"]
[White "Lamard, Guillaume"]
[Black "Rasulov, Vugar"]
[WhiteFideId "600261"]
[BlackFideId "13402390"]
[WhiteElo "2413"]
[BlackElo "2509"]
[Result "1/2-1/2"]
[Round "3"]
[TimeControl "180+2"]
[Date "2023.06.20"]
[WhiteClock "0:00:16"]
[BlackClock "0:00:15"]
[Board "15"]

1. e4 e6 2. d4 d5 3. e5 c5 4. c3 Qb6 5. Nf3 Bd7 6. Be2 cxd4 7. cxd4 Bb5 8. O-O Bxe2 9. Qxe2 Qa6 10. Qd1 Nc6 11. Nc3 Bb4 12. Ne2 Nge7 13. a3 Ng6 14. h4 Be7 15. g3 Rc8 16. h5 Nf8 17. b4 Bxb4 18. Bh6 gxh6 19. axb4 Qb6 20. Qd2 Rg8 21. Rfb1 Ne7 22. Qxh6 Nf5 23. Qd2 Nd7 24. Rc1 Rc4 25. Rxc4 dxc4 26. Ng5 c3 27. Nxc3 Qxd4 28. Qxd4 Nxd4 29. Nge4 a6 30. f4 Ke7 31. Rd1 Nf3+ 32. Kf2 Nfxe5 33. fxe5 Nxe5 34. Nc5 b6 35. Nxa6 Rc8 36. Ne2 Rc2 37. b5 f5 38. Ke3 Ng4+ 39. Kd3 Rb2 40. Rc1 Kf6 41. Nc7 e5 42. Rc6+ Kf7 43. Nc3 e4+ 44. Kc4 Ne5+ 45. Kd4 Nxc6+ 46. bxc6 Rd2+ 47. Kc4 Rd6 48. Kb5 e3 49. N7d5 Rxd5+ 50. Nxd5 e2 51. c7 e1=Q 52. c8=Q Qa5+ 53. Kc4 Qa2+ 54. Kd4 Qf2+ 55. Ke5 Qxg3+ 56. Kd4 Qf2+ 57. Ke5 Qh2+ 58. Nf4 Qb2+ 59. Kxf5 Qb1+ 60. Kg4 Qg1+ 61. Kf5 Qb1+ 62. Kg5 Qg1+ 63. Kh4 Qf2+ 64. Kg4 Qg1+ 65. Kf5 Qb1+ 1/2-1/2


[Site "https://www.chess.com"]

[Event "Titled Tuesday Blitz June 20 Late 2023"]
[White "Mikaelyan, Arman"]
[Black "Martins, Bruno Andre Leite"]
[WhiteFideId "13304852"]
[BlackFideId "1942255"]
[WhiteElo "2456"]
[BlackElo "2241"]
[Result "1-0"]
[Round "3"]
[TimeControl "180+2"]
[Date "2023.06.20"]
[WhiteClock "0:00:48"]
[BlackClock "0:00:01"]
[Board "16"]

1. Nf3 c5 2. c4 d6 3. g3 e5 4. Nc3 f5 5. d3 Nf6 6. Bg2 Be7 7. Bg5 O-O 8. O-O Nc6 9. Nd2 Be6 10. Bxf6 Bxf6 11. Nd5 Rb8 12. Rb1 Ne7 13. Nxf6+ Rxf6 14. b4 b6 15. bxc5 dxc5 16. a4 Qc7 17. a5 Nc6 18. axb6 axb6 19. Qa4 Bd7 20. Qa1 Nd4 21. e3 Nc6 22. Qc3 Rd8 23. Rb2 Be8 24. Nf3 Bh5 25. Rd2 Bxf3 26. Bxf3 Nb4 27. Rfd1 f4 28. exf4 exf4 29. d4 fxg3 30. hxg3 h6 31. d5 Rdf8 32. Bg4 Qd6 33. Re1 Kh8 34. Qe3 b5 35. cxb5 Qb6 36. Qe7 Qxb5 37. d6 c4 38. d7 Nd3 39. d8=Q Rxd8 40. Qxd8+ Kh7 41. Qd4 Qb4 42. Qe4+ Kh8 43. Rxd3 Qxe1+ 44. Qxe1 cxd3 45. Qe8+ 1-0


[Site "https://www.chess.com"]

[Event "Titled Tuesday Blitz June 20 Late 2023"]
[White "Sun, Rick"]
[Black "Xiong, Jeffery"]
[WhiteFideId "30909481"]
[BlackFideId "2047640"]
[WhiteElo "2169"]
[BlackElo "2726"]
[Result "0-1"]
[Round "3"]
[TimeControl "180+2"]
[Date "2023.06.20"]
[WhiteClock "0:00:04"]
[BlackClock "0:01:17"]
[Board "17"]

1. d4 d5 2. Nc3 Nf6 3. Bf4 e6 4. e3 Bb4 5. Bd3 c5 6. dxc5 Nbd7 7. Nf3 Nxc5 8. O-O O-O 9. Ne2 Bd7 10. a3 Nxd3 11. cxd3 Be7 12. Rc1 Qb6 13. Qd2 Rfc8 14. Ne5 Be8 15. h3 h6 16. Rc2 Rxc2 17. Qxc2 Nh7 18. Rc1 Nf8 19. Bg3 f6 20. Nf3 e5 21. Qc7 Bd8 22. Qc2 Ne6 23. Nc3 Bc6 24. e4 d4 25. Nd5 Qb5 26. Nb4 Bd7 27. Qb3 a5 28. a4 Qxb4 29. Qd5 Qxa4 30. Nxe5 fxe5 31. Bxe5 Qb5 32. Qd6 Rc8 33. Rxc8 Bxc8 34. f4 Bc7 35. Qe7 Bxe5 36. fxe5 Qd7 37. Qa3 Qc7 0-1


[Site "https://www.chess.com"]

[Event "Titled Tuesday Blitz June 20 Late 2023"]
[White "Rastbod, Ali"]
[Black "Eljanov, Pavel"]
[WhiteFideId "12567477"]
[BlackFideId "14102951"]
[WhiteElo "2281"]
[BlackElo "2598"]
[Result "0-1"]
[Round "3"]
[TimeControl "180+2"]
[Date "2023.06.20"]
[WhiteClock "0:00:25"]
[BlackClock "0:00:27"]
[Board "18"]

1. c4 e6 2. Nf3 d5 3. g3 Nf6 4. Bg2 Be7 5. O-O O-O 6. b3 d4 7. e3 c5 8. Ne5 Nfd7 9. Nxd7 Qxd7 10. exd4 cxd4 11. d3 Nc6 12. Ba3 Re8 13. Bxe7 Rxe7 14. a3 a5 15. Nd2 e5 16. Re1 Qc7 17. Qc2 Be6 18. c5 Rd8 19. Rab1 Bd5 20. b4 Bxg2 21. Kxg2 axb4 22. axb4 Na7 23. b5 Nxb5 24. Ne4 Na3 25. Qb3 Nxb1 26. Rxb1 Qc6 27. g4 h6 28. f3 Ra8 29. Kg3 g6 30. h4 Kg7 31. g5 hxg5 32. hxg5 Rh8 33. Qb6 Qxb6 34. Rxb6 Rh1 35. c6 bxc6 36. Rxc6 Re8 37. Rc7 Rd1 38. Nd6 Rf8 39. Nc4 Rg1+ 40. Kf2 Rxg5 41. Nd6 Rh5 42. Ne4 Ra8 43. Kg3 Rf5 44. Nd6 Rf4 45. Nc4 Rf5 46. Nd6 Rf6 47. Ne4 Rf4 48. Nc5 Rf5 49. Ne4 Ra3 50. Nd6 Rxd3 51. Nxf5+ gxf5 52. Kf2 e4 0-1


[Site "https://www.chess.com"]

[Event "Titled Tuesday Blitz June 20 Late 2023"]
[White "Jaracz, Pawel"]
[Black "Steinberg, Nitzan"]
[WhiteFideId "1102222"]
[BlackFideId "2801795"]
[WhiteElo "2454"]
[BlackElo "2486"]
[Result "1-0"]
[Round "3"]
[TimeControl "180+2"]
[Date "2023.06.20"]
[WhiteClock "0:00:28"]
[BlackClock "0:00:01"]
[Board "19"]

1. e4 g6 2. d4 Bg7 3. Nc3 d6 4. Be3 a6 5. g4 b5 6. Bg2 Bb7 7. h4 h6 8. Nce2 Nd7 9. Qd2 Ngf6 10. f3 Nb6 11. b3 Nfd7 12. h5 g5 13. Nh3 c5 14. c3 Rc8 15. O-O a5 16. d5 c4 17. Nd4 b4 18. Rac1 Ne5 19. Nf5 Bf6 20. Bd4 Ba6 21. cxb4 cxb3 22. Rxc8 Qxc8 23. Bxb6 Bxf1 24. axb3 Bxg2 25. Kxg2 axb4 26. Bd4 Qa6 27. Nf2 Qb5 28. Qa2 O-O 29. Nxh6+ Kh7 30. Nf5 Rc8 31. Qd2 Qa6 32. Bxe5 dxe5 33. Nh3 Qa1 34. d6 Qb1 35. d7 Rd8 36. Nxg5+ Bxg5 37. Qxg5 Qc2+ 38. Kh3 Rxd7 39. Qg7# 1-0


[Site "https://www.chess.com"]

[Event "Titled Tuesday Blitz June 20 Late 2023"]
[White "Katz, Alexander"]
[Black "Tari, Aryan"]
[WhiteFideId "2039796"]
[BlackFideId "1510045"]
[WhiteElo "2389"]
[BlackElo "2586"]
[Result "0-1"]
[Round "3"]
[TimeControl "180+2"]
[Date "2023.06.20"]
[WhiteClock "0:00:05"]
[BlackClock "0:00:06"]
[Board "20"]

1. e4 e5 2. Nf3 Nc6 3. Bb5 Nge7 4. c3 d5 5. d4 exd4 6. Qxd4 dxe4 7. Qxe4 Bf5 8. Qe2 Qd6 9. Nd4 Bd7 10. Bxc6 Bxc6 11. Nxc6 Qxc6 12. O-O O-O-O 13. Nd2 Ng6 14. Nf3 Bc5 15. b4 Rhe8 16. Qc2 Bd6 17. Be3 Kb8 18. Rab1 Bf4 19. Nd4 Qc4 20. Bxf4 Nxf4 21. Qxh7 Qd5 22. Nf3 Rh8 23. Qc2 Qh5 24. Rbd1 Qg4 25. Rxd8+ Rxd8 26. Ne1 Ne2+ 27. Kh1 Rh8 28. Qd3 Nf4 29. Qg3 Qe2 30. Rg1 Qe4 31. Nf3 Ne2 32. Qxg7 Rd8 33. Re1 Qd3 34. Qf6 Nxc3 35. Ne5 Qd2 36. Rg1 Ne4 37. Qe7 Nxf2# 0-1


[Site "https://www.chess.com"]

[Event "Titled Tuesday Blitz June 20 Late 2023"]
[White "Salimova, Nurgyul"]
[Black "Ibarra Jerez, Jose Carlos"]
[WhiteFideId "2915138"]
[BlackFideId "2226332"]
[WhiteElo "2343"]
[BlackElo "2631"]
[Result "1-0"]
[Round "3"]
[TimeControl "180+2"]
[Date "2023.06.20"]
[WhiteClock "0:00:14"]
[BlackClock "0:00:02"]
[Board "21"]

1. e4 c5 2. Nf3 e6 3. d4 cxd4 4. Nxd4 Bc5 5. Nb3 Bb6 6. Nc3 Ne7 7. Qe2 O-O 8. Be3 f5 9. O-O-O f4 10. Bc5 Bxc5 11. Nxc5 Nbc6 12. Nxe6 dxe6 13. Rxd8 Rxd8 14. Qe1 Ng6 15. g3 Nd4 16. gxf4 Nxf4 17. e5 Bd7 18. Qe3 Bc6 19. Rg1 Ng6 20. Bg2 Bxg2 21. Rxg2 Rac8 22. a3 b5 23. Rg4 Rc4 24. Kb1 Nxc2 25. Qg5 Nxa3+ 26. bxa3 Rcc8 27. Rg3 Rf8 28. h4 Rf5 29. Qg4 Rc7 30. h5 Nxe5 31. Qd4 Rd7 32. Qc5 Nf7 33. Qc8+ Rd8 34. Qxe6 Rxf2 35. h6 g6 36. Rd3 Rf8 37. Ne4 Rf1+ 38. Kb2 Kh8 39. Rd7 Nxh6 40. Qe5+ Kg8 41. Qg7# 1-0


[Site "https://www.chess.com"]

[Event "Titled Tuesday Blitz June 20 Late 2023"]
[White "Martinez Ramirez, Lennis"]
[Black "Sanal, Vahap"]
[WhiteFideId "3509079"]
[BlackFideId "6300545"]
[WhiteElo "2410"]
[BlackElo "2606"]
[Result "0-1"]
[Round "3"]
[TimeControl "180+2"]
[Date "2023.06.20"]
[WhiteClock "0:00:02"]
[BlackClock "0:01:44"]
[Board "22"]

1. Nf3 d5 2. c4 c6 3. b3 Nf6 4. Bb2 Bf5 5. d3 e6 6. Nh4 Bg6 7. Nxg6 hxg6 8. g3 Qa5+ 9. Bc3 Bb4 10. Qd2 Bxc3 11. Nxc3 d4 12. Ne4 Qe5 13. Bg2 Nxe4 14. Bxe4 Nd7 15. Qb4 Nc5 16. f4 Qd6 17. Qd2 a5 18. Bf3 f5 19. Rb1 Kf7 20. a3 e5 21. b4 axb4 22. axb4 Na4 23. c5 Qe6 24. fxe5 Nc3 25. Rc1 Qxe5 26. Qf4 Qxf4 27. gxf4 Rh4 28. O-O Kf6 29. e3 Na2 30. Ra1 dxe3 31. Bd1 Ra6 32. b5 cxb5 33. d4 Nc3 34. Bf3 e2 35. Rfc1 Rxa1 36. Rxa1 Rxf4 37. Bxb7 Nd1 38. Kg2 e1=Q 39. Ra6+ Kg5 40. Re6 0-1


[Site "https://www.chess.com"]

[Event "Titled Tuesday Blitz June 20 Late 2023"]
[White "Amburgy, Ryan"]
[Black "Zakhartsov, Vladimir"]
[WhiteFideId "30924820"]
[BlackFideId "4145097"]
[WhiteElo "2134"]
[BlackElo "2508"]
[Result "0-1"]
[Round "3"]
[TimeControl "180+2"]
[Date "2023.06.20"]
[WhiteClock "0:00:07"]
[BlackClock "0:00:06"]
[Board "23"]

1. d4 g6 2. e4 Bg7 3. Nf3 a6 4. c4 d6 5. h3 c5 6. dxc5 Qa5+ 7. Bd2 Qxc5 8. Bc3 Nf6 9. Nbd2 O-O 10. Be2 b5 11. cxb5 axb5 12. Nb3 Qb6 13. Bd4 Qb7 14. e5 dxe5 15. Nxe5 Nd5 16. Bf3 e6 17. O-O Rd8 18. Qd2 Qe7 19. Rfc1 Bb7 20. Nc5 Na6 21. Nxb7 Qxb7 22. Nc6 Rd6 23. Bxg7 Kxg7 24. Qd4+ Kg8 25. Bxd5 exd5 26. Ne5 Re8 27. Re1 Rde6 28. Re3 h5 29. Rae1 Nb8 30. g4 Nc6 31. Nxc6 Qxc6 32. gxh5 Rxe3 33. Rxe3 Rxe3 34. Qxe3 gxh5 35. Qg5+ Kf8 36. Qxh5 Qc1+ 37. Kg2 Qd2 38. Qh8+ Ke7 39. Qe5+ Kd7 40. h4 d4 41. Qxb5+ Ke6 42. Qc4+ Ke7 43. b4 d3 44. b5 Qc2 45. Qe4+ Kd6 46. b6 Qe2 47. Qd4+ Kc6 48. Qc4+ Kxb6 49. a4 Qc2 50. Qb5+ Kc7 51. Qe5+ Kc6 52. Qe4+ Kc5 53. a5 Qe2 54. Qf5+ Kc6 55. Qf6+ Kc5 56. Qf5+ Kc4 57. Qxf7+ Kc3 58. Qc7+ Kb3 59. Qb7+ Kc2 60. Qc6+ Kb2 61. Qb5+ Kc1 62. Qc5+ Qc2 63. Qe3+ d2 64. a6 Qg6+ 65. Kh3 Qxa6 66. h5 Qc8+ 67. Kh4 Qc4+ 68. Kg5 Kc2 69. h6 d1=Q 70. f4 Qdd5+ 71. Qe5 Qxe5+ 72. fxe5 Qg8+ 73. Kf6 Qh7 74. e6 Qxh6+ 75. Kf7 Qh7+ 76. Kf6 Qg8 77. Ke7 Kd3 78. Kd7 Kd4 79. e7 Qd5+ 80. Kc7 Qe6 81. Kd8 Qd6+ 82. Ke8 Ke5 83. Kf8 Qf6+ 84. Kg8 Qxe7 0-1


[Site "https://www.chess.com"]

[Event "Titled Tuesday Blitz June 20 Late 2023"]
[White "Papasimakopoulos, Alexandros"]
[Black "Iturrizaga Bonelli, Eduardo"]
[WhiteFideId "4244125"]
[BlackFideId "3901211"]
[WhiteElo "2359"]
[BlackElo "2647"]
[Result "1/2-1/2"]
[Round "3"]
[TimeControl "180+2"]
[Date "2023.06.20"]
[WhiteClock "0:00:15"]
[BlackClock "0:00:08"]
[Board "24"]

1. d4 Nf6 2. c4 e6 3. Nc3 Bb4 4. e3 O-O 5. Bd2 b6 6. Nf3 Bb7 7. Bd3 c5 8. O-O cxd4 9. exd4 Be7 10. d5 exd5 11. cxd5 Nxd5 12. Nxd5 Bxd5 13. Bf4 Be6 14. Rc1 Nc6 15. a3 Bf6 16. Qd2 Re8 17. Ng5 g6 18. Ne4 Bg7 19. Nd6 Rf8 20. Be4 Qf6 21. b4 Qd4 22. Rfd1 Rad8 23. Bg5 Rb8 24. Bxc6 Qxd2 25. Rxd2 dxc6 26. Rxc6 f6 27. Be3 Rbd8 28. Rc7 Rd7 29. Rxd7 Bxd7 30. Rc2 Ba4 31. Rc7 Rd8 32. Rc8 Rxc8 33. Nxc8 f5 34. Nxa7 b5 35. Bc1 Kf7 36. Nc8 Ke6 37. Kf1 Bd4 38. Be3 Bb2 39. Bc5 Bxa3 40. Nd6 Bb2 41. g3 Be5 42. Nb7 Kd5 43. Ke2 Bb3 44. Kd3 Bc4+ 45. Ke3 Bf1 46. Na5 Bg2 47. h4 Bb2 48. Nb7 Bc1+ 49. Ke2 Ke6 50. Nd6 Bc6 51. Kd3 Bb2 52. Nc8 Bd5 53. Nd6 Bc6 54. Nc8 Bf6 55. f4 Bb2 56. Nd6 h6 57. Nc8 Bf6 58. Ke3 g5 59. hxg5 hxg5 60. fxg5 Bxg5+ 61. Kd3 Be4+ 62. Kd4 Bf6+ 63. Ke3 Be5 64. Kf2 Kd5 65. Nb6+ Kc6 66. Nc8 Bc7 67. Ne7+ Kd7 68. Ng6 Bd5 69. Nf4 Bc4 70. Ke3 Be5 71. Bd4 Bd6 72. Bc5 Bc7 73. Kd4 Kc6 74. Be7 Ba2 75. Bc5 Bb1 76. Ne2 Be4 77. Ke3 Bd5 78. Nd4+ Kd7 79. Nxb5 Bxg3 80. Nd4 f4+ 81. Ke2 Be4 82. Nf3 Bc6 83. Ne5+ Kc7 84. Nxc6 Kxc6 85. Kf3 Kb5 86. Bd6 Be1 87. Bxf4 Bxb4 1/2-1/2


[Site "https://www.chess.com"]

[Event "Titled Tuesday Blitz June 20 Late 2023"]
[White "Moroni, Luca Jr"]
[Black "Arabidze, Meri"]
[WhiteFideId "865834"]
[BlackFideId "13604040"]
[WhiteElo "2569"]
[BlackElo "2405"]
[Result "1-0"]
[Round "3"]
[TimeControl "180+2"]
[Date "2023.06.20"]
[WhiteClock "0:01:28"]
[BlackClock "0:00:06"]
[Board "25"]

1. d4 f5 2. g3 Nf6 3. Bg2 e6 4. c4 c6 5. b3 d5 6. Nf3 Bd6 7. O-O Qe7 8. a4 a5 9. Ba3 Bxa3 10. Nxa3 O-O 11. Nc2 b6 12. Nce1 Bb7 13. Rc1 Na6 14. Nd3 Ne4 15. Nfe5 Rac8 16. f3 Nf6 17. c5 bxc5 18. Nxc5 Nxc5 19. Rxc5 Qc7 20. Qd2 Ra8 21. Rfc1 Qb6 22. Qc3 Rfc8 23. e3 Rab8 24. Rb1 Ra8 25. Rb2 Rc7 26. Rc2 Nd7 27. Nxd7 Rxd7 28. e4 dxe4 29. fxe4 Rad8 30. Rd2 e5 31. exf5 Rxd4 32. Rxd4 Rxd4 33. h3 h6 34. Kh2 Kh7 35. Qc2 e4 36. f6 gxf6 37. Bxe4+ Kg7 38. Bg2 Rd2 39. Qxd2 Qxc5 40. Qd7+ 1-0


[Site "https://www.chess.com"]

[Event "Titled Tuesday Blitz June 20 Late 2023"]
[White "Domingo Nunez, Ruben"]
[Black "Babazada, Khazar"]
[WhiteFideId "22245570"]
[BlackFideId "13413554"]
[WhiteElo "2404"]
[BlackElo "2369"]
[Result "0-1"]
[Round "3"]
[TimeControl "180+2"]
[Date "2023.06.20"]
[WhiteClock "0:00:03"]
[BlackClock "0:00:21"]
[Board "26"]

1. Nf3 Nf6 2. g3 g6 3. b3 Bg7 4. Bb2 O-O 5. Bg2 d6 6. d4 Nc6 7. O-O Bg4 8. Re1 Nd7 9. Qc1 e5 10. dxe5 dxe5 11. Nc3 Nd4 12. Nxd4 exd4 13. Nb5 Nc5 14. Qf4 h5 15. Nxd4 g5 16. Qd2 Ne6 17. Rad1 c5 18. Nxe6 Bxe6 19. Bxg7 Kxg7 20. Qc3+ Qf6 21. Qxf6+ Kxf6 22. Bxb7 Rad8 23. Rd3 c4 24. bxc4 Bxc4 25. Rc3 Be6 26. Be4 Rc8 27. Rxc8 Rxc8 28. Rb1 Rc4 29. Bd3 Ra4 30. Rb8 Rxa2 31. Rh8 a5 32. Rh6+ Ke7 33. Rxh5 g4 34. f3 gxf3 35. exf3 a4 36. Ra5 Ra1+ 37. Kf2 a3 38. c4 a2 39. Kg2 Rd1 40. Rxa2 Rxd3 41. Rc2 Kd6 42. Kf2 Kc5 43. g4 Bxc4 44. h4 Kd4 45. Ra2 Bd5 46. Ra4+ Ke5 47. f4+ Kf6 48. Ra6+ Kg7 49. Ra4 Rf3+ 50. Ke2 Rg3 51. g5 Be6 52. Kf2 Rh3 53. Ra5 Kg6 54. Kg2 Rxh4 55. Kf3 Rh3+ 56. Ke4 Rh4 57. Kf3 Bf5 58. Ra6+ Kg7 59. Rf6 Rh3+ 60. Kg2 Bg4 61. f5 Ra3 62. Rh6 Bxf5 63. Rh4 Re3 64. Ra4 Re4 65. Ra5 Kg6 66. Kf3 Kxg5 67. Ra8 f6 68. Ra4 Rxa4 0-1


[Site "https://www.chess.com"]

[Event "Titled Tuesday Blitz June 20 Late 2023"]
[White "Baskakov, Egor"]
[Black "TimGrutter03"]
[WhiteFideId "24197866"]
[WhiteElo "2225"]
[BlackElo "2596"]
[Result "0-1"]
[Round "3"]
[TimeControl "180+2"]
[Date "2023.06.20"]
[WhiteClock "0:01:10"]
[BlackClock "0:00:05"]
[Board "27"]

1. e4 c6 2. d4 d5 3. e5 c5 4. c4 cxd4 5. Nf3 Nc6 6. Nxd4 dxc4 7. Nxc6 Qxd1+ 8. Kxd1 bxc6 9. Bxc4 Bf5 10. Ke2 e6 11. Nc3 Bb4 12. Be3 Ne7 13. Rac1 Nd5 14. Nxd5 cxd5 15. Bb5+ Kd8 16. Bg5+ Be7 17. Bxe7+ Kxe7 18. Rc7+ Kf8 19. Rhc1 g6 20. Rb7 Kg7 21. Rcc7 Rhf8 22. Rxa7 Rxa7 23. Rxa7 Rc8 24. Bd3 Rc1 25. Rb7 Ra1 26. a3 Ra2 27. f3 h5 28. h4 Kf8 29. Ke3 Ra1 30. Bxf5 gxf5 31. Ra7 Re1+ 32. Kd4 Rd1+ 33. Ke3 Re1+ 34. Kd3 Rxe5 35. b4 Re1 36. a4 e5 37. b5 Rb1 38. Rb7 e4+ 39. fxe4 fxe4+ 40. Kc2 Ra1 41. Ra7 d4 42. b6 d3+ 43. Kb2 d2 44. b7 Rb1+ 45. Kxb1 d1=Q+ 46. Kb2 Qd2+ 47. Kb1 Qd1+ 48. Kb2 Qd2+ 49. Kb1 Qd3+ 50. Kb2 Qd4+ 51. Ka3 Qxa7 0-1


[Site "https://www.chess.com"]

[Event "Titled Tuesday Blitz June 20 Late 2023"]
[White "Grigoriants, Sergey"]
[Black "Storme, Isak"]
[WhiteFideId "4130804"]
[BlackFideId "1728113"]
[WhiteElo "2502"]
[BlackElo "2327"]
[Result "1-0"]
[Round "3"]
[TimeControl "180+2"]
[Date "2023.06.20"]
[WhiteClock "0:00:18"]
[BlackClock "0:00:39"]
[Board "28"]

1. d4 d5 2. c4 e6 3. Nf3 a6 4. c5 b6 5. cxb6 cxb6 6. Bf4 Nc6 7. Nc3 Bd6 8. e3 Bxf4 9. exf4 Qd6 10. Qd2 Nf6 11. Bd3 Bb7 12. O-O Nb4 13. Ne5 Nxd3 14. Qxd3 O-O 15. f3 Rfc8 16. Rae1 Qb4 17. Rf2 a5 18. g4 Ba6 19. Qe3 Ne8 20. f5 exf5 21. Nxd5 Qd6 22. Nc6 Kh8 23. Nxb6 Qxc6 24. d5 Qb7 25. Nxc8 Qxc8 26. Rc2 Qd8 27. Qe7 fxg4 28. Qf8# 1-0


[Site "https://www.chess.com"]

[Event "Titled Tuesday Blitz June 20 Late 2023"]
[White "Beerdsen, Thomas"]
[Black "Mendez Fortes, Eduardo Jesus"]
[WhiteFideId "1030108"]
[BlackFideId "3502376"]
[WhiteElo "2553"]
[BlackElo "2307"]
[Result "1-0"]
[Round "3"]
[TimeControl "180+2"]
[Date "2023.06.20"]
[WhiteClock "0:01:30"]
[BlackClock "0:00:14"]
[Board "29"]

1. e4 e5 2. Bc4 Nf6 3. d3 c6 4. Nf3 Be7 5. Bb3 O-O 6. Nbd2 d6 7. h3 Nbd7 8. c3 a5 9. O-O h6 10. Re1 Re8 11. Nf1 Bf8 12. Ng3 d5 13. Be3 Qc7 14. Qe2 a4 15. Bc2 g6 16. Rad1 Bg7 17. Qd2 Kh7 18. d4 Nxe4 19. Nxe4 dxe4 20. Bxe4 f5 21. Bb1 e4 22. Nh2 Nb6 23. Bf4 Qf7 24. f3 Nc4 25. Qf2 exf3 26. Rxe8 Qxe8 27. Nxf3 Be6 28. Re1 Qd7 29. Qh4 Re8 30. b3 Nb6 31. Ne5 Qe7 32. Nxg6 Kxg6 33. Bxf5+ Kxf5 34. Qg4+ Kf6 35. Be5+ Kf7 36. Qxg7# 1-0


[Site "https://www.chess.com"]